 Dungeon Crawl Stone Soup version 0.18.1-48-g4cf74bf (webtiles) character file.

853 Liquid the Sneak (level 8, -10/48 HPs)
             Began as a Tengu Assassin on July 3, 2016.
             Was a Follower of Dithmenos.
             Killed by divine providence
             ... invoked by an orc priest
              (12 damage)
             ... on level 6 of the Dungeon.
             The game lasted 00:13:06 (4594 turns).

Liquid the Sneak (Tengu Assassin)                   Turns: 4594, Time: 00:13:07

Health: -10/48     AC:  5    Str: 11    XL:     8   Next: 1%
Magic:  6/9        EV: 18    Int: 13    God:    Dithmenos [*.....]
Gold:   237        SH:  0    Dex: 17    Spells: 0 memorised, 7 levels left

rFire  . . .     SeeInvis .     a - +2 dagger
rCold  . . .     Gourm    .     c - +0 robe
rNeg   . . .     Faith    .     (no shield)
rPois  .         Spirit   .     (helmet restricted)
rElec  .         Dismiss  .     l - +1 cloak
rCorr  .         Reflect  .     h - +0 pair of gloves
SustAt .         Harm     .     (boots unavailable)
MR     ++...                    (no amulet)
Stlth  ++++......               n - ring of protection from magic
                                i - ring of protection from magic

@: flying quickly and evasively, wreathed by umbra, quick, very resistant to
hostile enchantments, stealthy
A: beak, talons 3, able to fly 1
a: Renounce Religion


You were on level 6 of the Dungeon.
You worshipped Dithmenos.
Dithmenos was aware of your devotion.
You were hungry.

You visited 1 branch of the dungeon, and saw 6 of its levels.

You collected 237 gold pieces.

Inventory:

Hand Weapons
 a - a +2 dagger (weapon)
 b - a +0 blowgun
Missiles
 e - 27 poisoned needles
 f - 6 curare-tipped needles
Armour
 c - a +0 robe (worn)
 d - a +1 cloak
 h - a +0 pair of gloves (worn)
 k - a +0 buckler
 l - a +1 cloak (worn)
Jewellery
 i - a ring of protection from magic (left hand)
 n - a ring of protection from magic (right hand)
 u - a +2 ring of intelligence
Wands
 C - a wand of digging (3/24)
Scrolls
 j - 2 scrolls of immolation {unknown}
 m - a scroll of recharging {unknown}
 o - 3 scrolls of fog {unknown}
 r - 2 scrolls of amnesia {unknown}
 s - a scroll of noise {unknown}
 t - a scroll of magic mapping {unknown}
 w - a scroll of teleportation {unknown}
 y - a scroll of fear {unknown}
 B - a scroll of enchant armour
Potions
 p - 2 potions of agility {unknown}
 q - 2 potions of cancellation {unknown}
 v - 3 potions of haste {unknown}
 z - a potion of curing
 A - a potion of cure mutation {unknown}
 D - 2 potions of flight {unknown}
Comestibles
 g - 5 bread rations
 x - 2 slices of pizza


   Skills:
 + Level 4.6 Fighting
 + Level 4.4 Short Blades
 - Level 2.1 Throwing
 + Level 5.2 Dodging
 * Level 6.5 Stealth


You had 7 spell levels left.
You didn't know any spells.

Dungeon Overview and Level Annotations

Branches:
Dungeon (6/15)
 Temple: D:4-7

Altars:
Ashenzari
Dithmenos
Elyvilon
Kikubaaqudgha
Makhleb
Nemelex Xobeh
Ru
Sif Muna
Vehumet
Xom
Zin

Annotations:
D:3 Grinder
D:4 Coyotero's ghost, amateur DrFi


Innate Abilities, Weirdness & Mutations

You have a beak for a mouth.
You have claws for feet.
You can fly.


Message History

You barely miss the orc priest.
The orc priest invokes the aid of Beogh against you.
Beogh smites you!
The orc warrior shouts!
You hit the orc priest. Your kick misses the orc priest.
The orc priest is moderately wounded.
The orc priest mumbles some strange prayers to Beogh against you.
Beogh smites you!
You hit the orc priest.
The orc priest is heavily wounded.
The orc priest hits you but does no damage.
Unknown command.
You swoop lightly up into the air.
You feel very comfortable in the air.
You feel somewhat more hungry.
The orc warrior hits you with a short sword!
* * * LOW HITPOINT WARNING * * *
The orc priest looks braver for a moment.
The orc priest calls down the wrath of Beogh upon you.
Beogh smites you!
You die...

########
......###
##...#...
#......
##.###.o.#
.......o#
...####o# # #
#.# .#
#.####@##.#
#.........#
#.##)....##
#.#.......##
...##....(.....#
...............+
...###.........#
##.# ##.......##
#.. ##.....##


You could see an orc warrior, an orc priest and an orc.

Vanquished Creatures
  Edmund (D:5)
  An ice beast (D:5)
  A phantom (D:5)
  A centaur (D:6)
  A big kobold (D:6)
  A scorpion (D:3)
  2 crimson imps
  A centaur skeleton (D:4)
  A hound (D:5)
  A giant frog skeleton (D:4)
  10 adders
  An ooze (D:3)
  A worm (D:2)
  A dart slug (D:1)
  A giant gecko (D:5)
  7 orcs
  2 ball pythons
  11 bats
  4 giant cockroaches
  10 goblins
  9 hobgoblins
  13 jackals
  9 kobolds
  6 quokkas
  A ball python skeleton (D:5)
  4 giant newts
  A quokka zombie (D:5)
  7 rats
109 creatures vanquished.

Notes
Turn   | Place    | Note
--------------------------------------------------------------
     0 | D:1      | Liquid the Tengu Assassin began the quest for the Orb.
     0 | D:1      | Reached XP level 1. HP: 12/12 MP: 2/2
   217 | D:1      | Reached XP level 2. HP: 17/17 MP: 3/3
   580 | D:1      | Reached XP level 3. HP: 22/22 MP: 4/4
   819 | D:2      | Found a burning altar of Makhleb.
   819 | D:2      | Noticed a green death
   952 | D:2      | Found a deep blue altar of Sif Muna.
   953 | D:2      | Found a shadowy altar of Dithmenos.
   953 | D:2      | Found an ancient bone altar of Kikubaaqudgha.
   955 | D:2      | Found a white marble altar of Elyvilon.
   955 | D:2      | Found a glowing silver altar of Zin.
   957 | D:2      | Found a shimmering altar of Xom.
   957 | D:2      | Found a shattered altar of Ashenzari.
   958 | D:2      | Found a radiant altar of Vehumet.
   963 | D:2      | Became a worshipper of Dithmenos the Shadowed
   975 | D:2      | Reached XP level 4. HP: 3/27 MP: 5/5
  1647 | D:3      | Found a sparkling altar of Nemelex Xobeh.
  1705 | D:3      | Reached skill level 5 in Stealth
  1708 | D:3      | Gained mutation: You can fly. [Tengu growth]
  1708 | D:3      | Reached XP level 5. HP: 21/31 MP: 6/6
  1860 | D:3      | Noticed Grinder
  2314 | D:3      | Reached * piety under Dithmenos
  2651 | D:4      | Reached XP level 6. HP: 26/36 MP: 7/7
  2798 | D:4      | Noticed Coyotero's ghost (amateur DrFi)
  3566 | D:4      | Found a sacrificial altar of Ru.
  3721 | D:5      | Entered Level 5 of the Dungeon
  3721 | D:5      | Noticed Edmund
  3751 | D:5      | Killed Edmund
  3916 | D:5      | Noticed an ice beast
  3921 | D:5      | Killed an ice beast
  3921 | D:5      | Reached XP level 7. HP: 41/43 MP: 8/8
  4271 | D:5      | Reached skill level 6 in Stealth
  4468 | D:6      | Reached skill level 5 in Dodging
  4576 | D:6      | Reached XP level 8. HP: 48/48 MP: 9/9
  4591 | D:6      | HP: 2/48 [orc warrior/short sword (14)]
  4594 | D:6      | Killed from afar by an orc priest

Skill      XL: |  1  2  3  4  5  6  7 |
---------------+----------------------+-----
Dodging        | 2 3 4 5 |  5.2
Short Blades   | 3 4 |  4.4
Stealth        | 5 6 |  6.5
Fighting       | 4 |  4.6
Throwing       | |  2.1

Action                   |  1- 3 |  4- 6 |  7- 9 || total
-------------------------+-------+-------+-------++-------
Melee: Dagger            |    96 |   220 |    85 ||   401
       Kick              |    14 |    55 |    21 ||    90
       Peck              |    14 |    31 |     9 ||    54
 Fire: Blowgun           |       |     8 |       ||     8
 Abil: Fly               |       |     5 |     3 ||     8
  Use: Scroll            |       |     5 |       ||     5
       Potion            |       |     1 |       ||     1
 Stab: Sleeping          |     7 |    12 |     4 ||    23
  Eat: Fruit             |       |     2 |       ||     2
       Chunk             |       |     4 |     2 ||     6
       Bread ration      |       |     1 |       ||     1
Armor: Robe              |    25 |    47 |    13 ||    85
Dodge: Dodged            |    68 |   171 |    77 ||   316
